Map: Submarine LE

Players

DLCFocesTTV - Winner!

  • Race: Zerg Zerg
  • League: Platinum
  • Spawn Location: 5:00

Nhranagacon

  • Race: Protoss Protoss
  • League: Platinum
  • Spawn Location: 11:00

VOD

Have the link to the VOD?

Description

Time

  • Played on: Sept. 5, 2020, 4:42 a.m.
  • Length: 18:04
Show
View Real Time Build Order
Export as new Build Order

DLCFocesTTV Zerg - Winner!

Build Orders: Pool First, Brood Lord Corruptor 

Get SALT Encoding   

  12  0:17  Spawning Pool  
  11  0:22  Drone  
  12  0:32  Overlord  
  12  0:45  Drone  
  13  0:55  Drone  
  14  1:05  Zergling x4  
  14  1:06  Queen  
  14  1:07  Zergling x2  
  19  1:20  Zergling x2  
  20  1:37  Hatchery  
  20  1:39  Drone  
  20  1:43  Drone  
  20  2:14  Drone  
  20  2:15  Drone  
  22  2:20  Extractor  
  21  2:25  Extractor  
  21  2:27  Drone x2  
  22  2:36  Overlord  
  22  2:48  Queen  
  24  2:58  Queen  
  26  3:09  Drone  
  26  3:10  Drone  
  28  3:13  Zergling x4  
  28  3:17  Drone  
  28  3:18  Drone x2  
  33  3:33  Drone  
  33  3:34  Drone x2  
  36  3:43  Overlord x3  
  36  3:58  Hatchery  
  35  4:04  Drone  
  35  4:05  Drone x3  
  35  4:09  Lair  
  38  4:37  Drone  
  38  4:38  Drone x6  
  45  4:43  Extractor  
  44  4:46  Extractor  
  43  5:02  Drone x3  
  43  5:03  Drone  
  43  5:04  Drone x2  
  49  5:08  Drone  
  49  5:09  Drone x2  
  49  5:12  Overlord x3  
  52  5:18  Spire  
  51  5:22  Overlord  
  51  5:30  Pneumatized Carapace  
  51  5:35  Zergling x2  
  52  5:36  Zergling x16  
  52  5:41  Overlord x2  
  60  5:46  Metabolic Boost  
  60  5:52  Drone  
  60  5:53  Drone x3  
  64  6:24  Hatchery  
  63  6:33  Overlord x3  
  63  6:37  Spore Crawler  
  62  6:41  Spore Crawler  
  62  6:43  Spore Crawler  
  60  6:47  Corruptor  
  60  6:48  Corruptor x5  
  72  6:58  Drone x3  
  72  7:00  Drone x4  
  79  7:06  Zerg Flyer Armor Level 1  
  79  7:10  Zergling x2  
  79  7:11  Zergling x4  
  82  7:22  Infestation Pit, Drone x2  
  83  7:24  Drone x2  
  83  7:25  Drone x2  
  87  7:34  Overlord x3  
  87  7:37  Queen  
  87  7:41  Corruptor  
  91  8:06  Corruptor x5  
  91  8:09  Corruptor  
  91  8:10  Queen  
  105  8:13  Corruptor  
  106  8:32  Hive  
  97  8:59  Corruptor x4  
  105  9:03  Overlord  
  105  9:04  Overlord x8  
  105  9:17  Spire  
  105  9:19  Hatchery  
  103  9:27  Zergling x2  
  103  9:28  Zergling x22  
  113  10:12  Corruptor  
  113  10:13  Corruptor x5  
  125  10:28  Greater Spire  
  125  10:32  Zerg Flyer Weapons Level 1  
  125  10:39  Extractor x2  
  100  11:50  Zergling x22  
  100  11:51  Zergling x32  
  110  12:24  Zergling x2  
  110  12:25  Zergling x22  
  113  12:38  Brood Lord x6  
  113  12:39  Brood Lord  
  113  12:42  Zergling x2  
  113  12:43  Zergling x6  
  117  12:52  Drone x4  
  103  13:07  Adrenal Glands  
  84  13:13  Zergling x12  
  84  13:14  Zergling x4  
  84  13:33  Zergling x2  
  90  13:34  Zergling x10  
  90  13:37  Drone x3  
  93  14:06  Drone x11  
  104  14:30  Drone x2  
  104  14:31  Drone  
  107  14:32  Drone x3  
  110  14:39  Extractor  
  110  14:40  Zergling x16  
  110  14:41  Extractor, Zergling x4  
  118  14:52  Zergling x2  
  119  14:53  Zergling x12  
  120  15:16  Corruptor  
  120  15:17  Corruptor x5  
  130  15:58  Zergling x4  
  130  15:59  Zergling x26  
  143  16:14  Zergling x2  
  143  16:15  Zergling x8  
  146  16:23  Zergling x2  
  146  16:24  Zergling x2  
  122  16:39  Zergling x2  
  126  16:40  Zergling x6  
  117  17:29  Corruptor x3  
Show
View Real Time Build Order
Export as new Build Order

Nhranagacon Protoss 

Build Orders: Cannon Rush 

Get SALT Encoding   

  12  0:02  Probe  
  13  0:14  Probe  
  14  0:21  Pylon  
  14  0:34  Probe (Chrono Boost)  
  15  0:45  Forge  
  15  0:46  Probe (Chrono Boost)  
  16  0:51  Probe (Chrono Boost)  
  17  1:01  Probe  
  18  1:09  Gateway  
  18  1:13  Probe  
  19  1:19  Photon Cannon  
  19  1:23  Photon Cannon  
  19  1:34  Photon Cannon  
  19  1:58  Nexus  
  19  2:11  Zealot, Cybernetics Core  
  21  2:21  Photon Cannon  
  21  2:30  Photon Cannon  
  21  2:43  Pylon  
  21  2:54  Probe  
  22  3:03  Gateway  
  22  3:06  Probe  
  22  3:08  Gateway  
  23  3:18  Probe  
  23  3:19  Gateway  
  24  3:27  Gateway  
  24  3:30  Probe  
  24  3:33  Assimilator  
  25  3:36  Assimilator  
  25  3:42  Probe  
  25  3:46  Assimilator  
  26  3:50  Assimilator  
  26  3:51  Pylon  
  26  3:58  Probe  
  27  4:10  Probe  
  28  4:23  Probe  
  27  4:31  Stargate  
  27  4:34  Stargate  
  27  5:03  Nexus  
  27  5:11  Stargate  
  27  5:19  Probe  
  27  5:20  Probe  
  29  5:32  Probe (Chrono Boost)  
  31  5:37  Probe (Chrono Boost)  
  31  5:42  Phoenix (Chrono Boost)  
  31  5:45  Probe (Chrono Boost)  
  31  5:49  Phoenix (Chrono Boost)  
  36  5:56  Phoenix (Chrono Boost)  
  38  6:02  Probe  
  39  6:06  Phoenix (Chrono Boost)  
  39  6:09  Phoenix (Chrono Boost)  
  43  6:22  Probe x2, Pylon  
  43  6:23  Pylon  
  45  6:57  Phoenix x2  
  45  6:58  Phoenix  
  51  7:04  Zealot x5  
  51  7:07  Probe  
  62  7:19  Probe  
  63  7:31  Probe  
  64  7:37  Oracle  
  64  7:40  Probe x2  
  64  7:43  Probe  
  68  7:52  Probe x2  
  68  7:55  Probe  
  71  8:04  Probe  
  72  8:08  Phoenix  
  76  8:24  Probe x2  
  76  8:25  Probe  
  75  8:35  Oracle x2  
  75  8:36  Probe  
  75  8:37  Probe x2  
  84  8:49  Probe x3  
  79  9:00  Oracle  
  79  9:01  Probe x3  
  81  9:04  Stalker x2  
  85  9:19  Pylon  
  85  9:21  Pylon  
  85  9:22  Pylon  
  85  9:24  Pylon  
  85  9:25  Pylon  
  85  9:26  Pylon  
  85  9:33  Warp Gate  
  85  9:37  Stalker, Probe x3, Oracle  
  93  9:39  Stalker  
  95  9:46  Assimilator  
  95  9:48  Assimilator  
  95  9:49  Probe x2  
  88  10:01  Probe x2  
  86  10:12  Stalker x4  
  86  10:14  Probe x2  
  96  10:17  Nexus  
  96  10:21  Oracle  
  95  10:26  Probe  
  95  10:28  Gateway  
  96  10:30  Gateway  
  96  10:32  Gateway  
  96  10:34  Gateway  
  96  10:36  Gateway x2  
  96  10:39  Gateway  
  96  10:41  Gateway  
  96  11:03  Nexus  
  90  11:29  Zealot x5  
  90  11:30  Zealot x4  
  90  11:32  Zealot x2  
  99  11:59  Stalker x2  
  99  12:00  Stalker x3  
  109  12:19  Zealot x3  
  109  12:20  Zealot, Pylon  
  111  12:23  Zealot x4  
  111  12:24  Zealot  
  111  12:28  Pylon  
  111  12:39  Zealot x2  
  111  12:40  Zealot x5  
  113  13:05  Zealot x4  
  115  13:06  Zealot x3  
  115  13:07  Zealot x2  
  121  13:19  Zealot x4  
  125  13:25  Void Ray  
  107  14:02  Zealot x2  
  108  14:03  Zealot  
  108  14:04  Zealot x5  
  108  14:05  Zealot x4  
  122  14:10  Void Ray  
  111  14:25  Void Ray  
  115  14:34  Probe  
  116  14:40  Nexus  
  112  15:21  Pylon  
  112  15:22  Pylon  
  112  15:23  Pylon x2  
  112  15:25  Shield Battery  
  112  15:45  Void Ray x3, Pylon  
  112  15:46  Pylon  
  112  15:47  Pylon  
  112  15:48  Pylon  
  112  15:49  Pylon x2  
  112  15:51  Probe  
  112  15:55  Stargate  
  124  16:04  Probe  
  117  16:16  Probe  
  92  16:26  Void Ray x2  
  92  16:27  Void Ray  
  76  16:32  Void Ray  
  72  17:01  Stalker x3  
  72  17:02  Stalker  
  72  17:06  Stalker  
  48  17:50  Stalker  
  48  17:51  Stalker x2  
Tags
 
Add a new tag
Caveats
  • Supply blocks, unpowered buildings, or Contaminate may cause inaccurate times.
  • Supply counts are checked every 10 seconds.